 Dungeon Sprint DCSS version 0.30-a0-297-g0ec75d9ef4 (webtiles) character file.

Game seed: 5407162115656820405

7422 rocky1 the Unseen (level 11, -12/76 HPs)
             Began as a Kobold Brigand on Oct 17, 2022.
             Was a High Priest of Okawaru.
             Mangled by a spriggan defender
             ... wielding a +2 flail of protection
              (25 damage)
             ... in the Dungeon (Sprint IV: "Fedhas' Mad Dash") on Oct 19, 2022.
             The game lasted 00:15:46 (2107 turns).

rocky1 the Unseen (Kobold Brigand)                  Turns: 2107, Time: 00:15:46

Health: -12/76     AC:  4    Str:  9    XL:     11   Next: 36%
Magic:  12/19      EV: 34    Int: 18    God:    Okawaru [*****.]
Gold:   94         SH:  0    Dex: 26    Spells: 15/21 levels left

rFire   . . .      SeeInvis .    p - +5 short sword "Wuleril" {vamp, rPois Int+5 Dex+6}
rCold   . . .      Faith    .    (no shield)
rNeg    + . .      Spirit   .    o - +1 robe {rN+}
rPois   +          Reflect  .    (no helmet)
rElec   .          Harm     .    c - +0 cloak
rCorr   .          Rampage  .    (no gloves)
Will    .....      NoTele   +    (no boots)
Stlth   ++++++++++               m - amulet of invisibility {+Inv}
HPRegen 0.32/turn                (no ring)
MPRegen 0.16/turn                (no ring)

@: heroic, finesse-ful, very slightly contaminated
A: small, no large weapons, nightstalker 3
a: Renounce Religion, Evoke Invisibility, Heroism, Finesse


You were in the Dungeon.
You worshipped Okawaru.
Okawaru was extremely pleased with you.
You visited 1 branch You collected 278 gold pieces.
You spent 184 gold pieces at shops.

Inventory:

Hand Weapons
 a - a +2 dagger
 l - a +0 short sword
 n - a +0 rapier
 p - the +5 short sword "Wuleril" (weapon) {vamp, rPois Int+5 Dex+6}
   (You bought it in a shop in the Dungeon)

   It occasionally heals its wielder for a portion of the damage dealt when it
   wounds a living foe.
   Int:       It affects your intelligence (+5).
   Dex:       It affects your dexterity (+6).
   rPois:     It protects you from poison.
 s - a +3 long sword of holy wrath
Missiles
 d - 9 poisoned darts
 e - 2 curare-tipped darts (quivered)
 v - an atropa-tipped dart
Armour
 b - a +0 robe
 c - a +0 cloak (worn)
 o - a +1 robe of positive energy (worn)
Jewellery
 m - the amulet of invisibility (around neck) {+Inv}
   (You found it in the Dungeon)

   [amulet of nothing]

   +Inv:      It lets you turn invisible.
Scrolls
 q - 3 scrolls of butterflies {unknown}
 r - 2 scrolls of identify {unknown}
 t - 2 scrolls of vulnerability {unknown}
Potions
 f - 2 potions of curing
 h - a potion of haste
 i - 2 potions of magic
 j - a potion of berserk rage
 k - a potion of might {unknown}
 u - a potion of cancellation {unknown}


   Skills:
 + Level 11.9(16.9) Fighting
 + Level 17.9(22.9) Short Blades
 - Level 2.1(7.1) Throwing
 + Level 12.8(17.8) Dodging
 + Level 19.7(24.7) Stealth
 + Level 5.6 Spellcasting
 + Level 5.6 Translocations
 + Level 6.7 Invocations


You had 15 spell levels left.
You knew the following spells:

 Your Spells              Type           Power      Damage    Failure   Level
a - Blink                 Tloc           50%        N/A       1%          2
b - Manifold Assault      Tloc           25%        N/A       12%         4

Your spell library contained the following spells:

 Spells                   Type           Power      Damage    Failure   Level
 Storm Form               Tmut/Air       2%         N/A       100%        7


Dungeon Overview and Level Annotations

Branches:
Dungeon (1/1)

Altars:
Cheibriados
Dithmenos
Elyvilon
Gozag
Hepliaklqana
Kikubaaqudgha
Makhleb
Nemelex Xobeh
Okawaru
Qazlal
Ru
Sif Muna
Trog
Uskayaw
Vehumet
Wu Jian
Xom
Yredelemnul
Zin
The Shining One
Jiyva
Lugonu

Shops:
D !(*[:?*=


Innate Abilities, Weirdness & Mutations

You are small and have problems with some larger weapons.
You are completely attuned to the shadows.


Message History

Found Arugik's Assorted Antiques.
You see here a +4 trident of venom.
f - 2 potions of curing (gained 1)
Things that are here:
a +1 lajatang of venom; a +0 robe You flicker back into view.
Found Zougow's Armour Shoppe.
There is an entrance to Arugik's Assorted Antiques here.
A spriggan defender comes into view.
It is wielding a +2 flail of protection.
You feel like a meek peon again.
Found a book of Minor Magic.
The spriggan defender shouts!
There is an entrance to Zougow's Armour Shoppe here.
You hit the spriggan defender.
The spriggan defender is lightly wounded.
The spriggan defender misses you.
You hit the spriggan defender but do no damage.
The spriggan defender is lightly wounded.
You closely miss the spriggan defender.
The spriggan defender is lightly wounded.
The spriggan defender hits you with a +2 flail of protection!!
You hit the spriggan defender but do no damage.
The spriggan defender is lightly wounded.
The spriggan defender hits you with a +2 flail of protection!!
* * * LOW HITPOINT WARNING * * *
You feel much better.
The spriggan defender hits you with a +2 flail of protection.
The spriggan defender hits you with a +2 flail of protection!
You can now deal lightning-fast blows.
The spriggan defender hits you with a +2 flail of protection!
* * * LOW HITPOINT WARNING * * *
Unknown command.
You gain the combat prowess of a mighty hero.
The spriggan defender completely misses you. x2
Unknown command.
You hit the spriggan defender but do no damage.
You miss the spriggan defender.
You punch the spriggan defender, but do no damage.
The spriggan defender hits you with a +2 flail of protection!!
You die...

############.....[###....)♣.#
.♣.###.'..'.......'.'..)♣..∩#
..♣##..#..#.P.....###########
♣[.###.##'##.P....#
..♣'...#♣.♣########
########.....####
#..♣..♣....###
#.).♣.)....♣...♣##
......♣.)...∩.@i..:
###################


You could see a spriggan defender.

Vanquished Creatures
  Agnes (D)
  A spriggan berserker (D)
  A spriggan druid (D)
  6 oklob plants (D)
  A demonic crawler (D)
  3 burning bushes (D)
  3 wandering mushrooms (D)
  A queen bee (D)
  A hornet (D)
  3 scorpions (D)
  4 killer bees (D)
  5 oklob saplings (D)
  5 spriggans (D)
  A river rat (D)
  A rat (D)
  A ballistomycete spore (D)
38 creatures vanquished.

Vanquished Creatures (others)
  7 fungi (D)
7 creatures vanquished.

Grand Total: 45 creatures vanquished

Notes
Turn   | Place    | Note
-------+----------+-------------------------------------------
     0 | D        | rocky1 the Kobold Brigand began the quest for the Orb.
     0 | D        | Reached XP level 1. HP: 12/12 MP: 1/1
    24 | D        | Reached skill level 6 in Stealth
    24 | D        | Reached XP level 2. HP: 18/18 MP: 2/2
    32 | D        | Noticed an oklob sapling
    34 | D        | Killed an oklob sapling
    35 | D        | Reached skill level 5 in Short Blades
    35 | D        | Reached skill level 7 in Stealth
    35 | D        | Reached XP level 3. HP: 23/23 MP: 3/3
    37 | D        | Noticed a scorpion
    37 | D        | Found the amulet of invisibility {+Inv}
    44 | D        | Killed a scorpion
    45 | D        | Reached skill level 8 in Stealth
    45 | D        | Reached XP level 4. HP: 19/29 MP: 4/4
   326 | D        | Reached skill level 9 in Stealth
   326 | D        | Reached XP level 5. HP: 34/34 MP: 5/5
   342 | D        | Noticed a burning bush
   346 | D        | Killed a burning bush
   347 | D        | Reached skill level 10 in Short Blades
   347 | D        | Reached skill level 12 in Stealth
   347 | D        | Reached XP level 6. HP: 41/41 MP: 6/6
   362 | D        | Noticed a burning bush
   364 | D        | Killed a burning bush
   365 | D        | Reached skill level 13 in Stealth
   365 | D        | Reached XP level 7. HP: 48/48 MP: 7/7
   383 | D        | Found an opulent altar of Gozag.
   383 | D        | Found a sacrificial altar of Ru.
   384 | D        | Found a burning altar of Makhleb.
   384 | D        | Found an ornate altar of the Wu Jian Council.
   384 | D        | Found a shimmering altar of Xom.
   389 | D        | Found a hazy altar of Hepliaklqana.
   389 | D        | Found a shimmering blue altar of Sif Muna.
   390 | D        | Found a sparkling altar of Nemelex Xobeh.
   390 | D        | Found a snail-covered altar of Cheibriados.
   390 | D        | Found a basalt altar of Yredelemnul.
   391 | D        | Found a viscous altar of Jiyva.
   391 | D        | Found a bloodstained altar of Trog.
   392 | D        | Found an iron altar of Okawaru.
   392 | D        | Found a shadowy altar of Dithmenos.
   392 | D        | Found a glowing silver altar of Zin.
   393 | D        | Found an ancient bone altar of Kikubaaqudgha.
   393 | D        | Found a hide-covered altar of Uskayaw.
   394 | D        | Found a stormy altar of Qazlal.
   394 | D        | Found a white marble altar of Elyvilon.
   394 | D        | Found a glowing golden altar of the Shining One.
   395 | D        | Found a corrupted altar of Lugonu.
   395 | D        | Found a radiant altar of Vehumet.
   407 | D        | Became a worshipper of Warmaster Okawaru
   422 | D        | Reached skill level 14 in Stealth
   970 | D        | Reached XP level 8. HP: 53/53 MP: 8/8
  1000 | D        | Found Soluvvozy's Antique Weapon Shop.
  1000 | D        | Found Cyositum's Distillery.
  1008 | D        | Bought a brightly glowing short sword for 184 gold pieces
  1008 | D        | Identified the +5 short sword "Wuleril" {vamp, rPois Int+5
                  | Dex+6} (You bought it in a shop in the Dungeon)
  1030 | D        | Noticed a burning bush
  1030 | D        | Noticed a wandering mushroom
  1031 | D        | Noticed a wandering mushroom
  1033 | D        | Killed a wandering mushroom
  1034 | D        | Reached skill level 15 in Stealth
  1035 | D        | Killed a burning bush
  1035 | D        | Reached * piety under Okawaru
  1036 | D        | Killed a wandering mushroom
  1036 | D        | Reached ** piety under Okawaru
  1037 | D        | Reached skill level 16 in Stealth
  1037 | D        | Reached XP level 9. HP: 60/60 MP: 9/9
  1066 | D        | Found Hiadas's Magic Scroll Emporium.
  1066 | D        | Found Sagew's Book Shoppe.
  1238 | D        | Noticed an oklob plant
  1251 | D        | Noticed a wandering mushroom
  1253 | D        | Killed an oklob plant
  1254 | D        | Reached skill level 15 in Short Blades
  1257 | D        | Killed a wandering mushroom
  1258 | D        | Reached skill level 10 in Dodging
  1258 | D        | Reached skill level 17 in Stealth
  1396 | D        | Noticed a spriggan druid
  1398 | D        | Killed a spriggan druid
  1398 | D        | Reached *** piety under Okawaru
  1399 | D        | Reached skill level 18 in Stealth
  1525 | D        | Noticed an oklob plant conjurer
  1527 | D        | Killed an oklob plant conjurer
  1528 | D        | Reached skill level 10 in Fighting
  1528 | D        | Reached skill level 1 in Invocations
  1528 | D        | Reached XP level 10. HP: 68/68 MP: 9/11
  1540 | D        | Learned a level 2 spell: Blink
  1683 | D        | Noticed an oklob plant
  1684 | D        | Noticed an oklob plant summoner
  1800 | D        | Noticed a spriggan berserker
  1800 | D        | Noticed Agnes
  1804 | D        | Upgraded the game from 0.30-a0-279-g4b46babb21 to
                  | 0.30-a0-297-g0ec75d9ef4
  1810 | D        | Learned a level 4 spell: Manifold Assault
  1821 | D        | Noticed an oklob plant shifter
  1822 | D        | Killed an oklob plant
  1822 | D        | Reached **** piety under Okawaru
  1823 | D        | Reached skill level 1 in Spellcasting
  1823 | D        | Reached skill level 1 in Translocations
  1825 | D        | Killed an oklob plant summoner
  1831 | D        | Killed an oklob plant shifter
  1912 | D        | Noticed an oklob plant
  1915 | D        | Killed an oklob plant
  1915 | D        | Received a gift from Okawaru
  1916 | D        | Reached skill level 19 in Stealth
  1990 | D        | Noticed a demonic crawler
  1992 | D        | Killed a demonic crawler
  1997 | D        | Noticed a spriggan rider
  1999 | D        | Found Acsei's Assorted Antiques.
  2000 | D        | Found Exiet's Jewellery Shoppe.
  2002 | D        | Reached skill level 5 in Invocations
  2003 | D        | Killed a spriggan rider
  2003 | D        | Reached ***** piety under Okawaru
  2004 | D        | Reached XP level 11. HP: 74/74 MP: 15/18
  2083 | D        | Killed a spriggan berserker
  2084 | D        | Reached skill level 5 in Spellcasting
  2084 | D        | Reached skill level 5 in Translocations
  2087 | D        | Killed Agnes
  2087 | D        | Received a gift from Okawaru
  2088 | D        | Found Arugik's Assorted Antiques.
  2094 | D        | Found Zougow's Armour Shoppe.
  2097 | D        | Noticed a spriggan defender
  2107 | D        | Mangled by a spriggan defender

Illustrated notes

Levels and vault maps discovered:
D:        dungeon_sprint_fedhas [sprint_temple]

Skill      XL: |  1  2  3  4  5  6  7  8  9 10 11 |
---------------+----------------------------------+-----
Short Blades   | 4 5 7 10 11 12 14 16 17 | 17.9
Dodging        | 2 3 4 6 7 8 9 10 12 | 12.8
Stealth        | 6 7 8 9 12 13 14 16 18 19 | 19.7
Fighting       | 3 4 6 7 8 10 11 | 11.9
Invocations    | 1 5 6 |  6.7
Spellcasting   | 4 5 |  5.6
Translocations | 4 5 |  5.6
Throwing       | |  2.1

Action                   |  1- 3 |  4- 6 |  7- 9 | 10-12 || total
-------------------------+-------+-------+-------+-------++-------
Melee: Dagger            |    16 |     3 |     5 |       ||    24
       Short sword       |       |       |     9 |    24 ||    33
       Punch             |       |       |       |     1 ||     1
Throw: Dart              |     1 |       |       |       ||     1
Invok: Heroism           |       |       |     3 |     2 ||     5
       Finesse           |       |       |       |     1 ||     1
 Abil: Evoke Invisibilit |       |       |     7 |     5 ||    12
  Use: Scroll            |       |       |       |     1 ||     1
       Potion            |       |       |       |     1 ||     1
 Stab: Sleeping          |     3 |     3 |    13 |    14 ||    33
       Invisible         |       |       |     1 |     2 ||     3
Armor: Robe              |     1 |       |       |       ||     1
Dodge: Dodged            |     3 |       |     1 |     4 ||     8

Table legend: (Time is in decaauts)
 A = Elapsed time spent in this place.
 B = Non-inter-level travel time spent in this place.
 C = Inter-level travel time spent in this place.
 D = Time resting spent in this place.
 E = Time spent auto-exploring this place.
 F = Levels seen in this place.
 G = Mean time per level.
                   A        B        C        D        E       F      G
               +--------+--------+--------+--------+--------+-----+--------+
         Total |   2083 |   2022 |     61 |   1380 |      0 |   1 | 2083.0 |
       Dungeon |   2083 |   2022 |     61 |   1380 |      0 |   1 | 2083.0 |
               +--------+--------+--------+--------+--------+-----+--------+

Top non-repeatable levels by time:
       D: 2083 daAuts
